[Event "*** Titled Tuesday Blitz"]
[Site "Chess.com"]
[Date "2020.04.07"]
[Round "7"]
[White "Anton_Demchenko"]
[Black "Zavgorodniy_Serg"]
[Result "0-1"]
[WhiteElo "2952"]
[BlackElo "2721"]
[TimeControl "180+1"]
[EndTime "14:19:35 PDT"]
[Termination "Zavgorodniy_Serg won on time"]

1. d4 Nf6 2. Nf3 e6 3. Bf4 b6 4. e3 Bb7 5. Bd3 g6 6. h3 Bg7 7. Nbd2 d6 8. Bh2 Nbd7 9. Qe2 a6 10. e4 Qe7 11. c3 e5 12. O-O O-O 13. Rfe1 Nh5 14.
Nc4 Nf4 15. Bxf4 exf4 16. Qd2 g5 17. e5 d5 18. Na3 Rfe8 19. Nc2 Nf8 20. Bf5 Bc8 21.
Qd3 h6 22. Nb4 Bxf5 23. Qxf5 Qe6 24. Qc2 a5 25. Nd3 Ng6 26. Rac1 Bf8 27. b3 a4 28. c4 axb3 29. axb3 c6 30. Ra1 Be7 31. cxd5 cxd5 32. Qe2 Rec8 33. Rxa8 Rxa8 34. Rc1 Kg7 35.
Qc2 h5 36. Qe2 g4 37. hxg4 hxg4 38. Nh2 g3 39. Nf3 gxf2+ 40. Qxf2 Ra3 41. Qb2 Ra8 42. Qd2 Qg4 43. Nf2 Qg3 44. Nh1 Qg4 45. Nf2 Qg3 46. Qd3 Rh8 47. Nh1 Qg4 48. Nf2 Qg3 49. Qf5 Nh4 50. Nxh4 Rxh4 51. Nh3 f3 0-1

[Event "*** Titled Tuesday Blitz"]
[Site "Chess.com"]
[Date "2020.04.07"]
[Round "7"]
[White "Arman_Hakemi"]
[Black "Angel_Hranitel_37"]
[Result "1-0"]
[WhiteElo "2598"]
[BlackElo "2354"]
[TimeControl "180+1"]
[EndTime "14:19:35 PDT"]
[Termination "Arman_Hakemi won on time"]

1. Nf3 Nf6 2. b3 g6 3. Bb2 Bg7 4. g3 d6 5. d4 O-O 6. Bg2 Nbd7 7. O-O Re8 8. c4 c6 9. Nc3 Qc7 10. e4 e5 11. Qd2 Nf8 12. Rae1 Bg4 13. d5 Bxf3 14.
Bxf3 cxd5 15. Nxd5 Nxd5 16. Qxd5 Ne6 17. Rd1 Red8 18. Bg4 Nd4 19. Bxd4 exd4 20. f4 Qc5 21. Qxb7 d3+ 22. Kg2 Qd4 23. Qd5 Re8 24. Qxd4 Bxd4 25.
Bf3 Bc5 26. Rxd3 Rab8 27. Rfd1 a5 28. Rd5 f6 29. h4 Kf7 30. h5 a4 31. hxg6+ hxg6 32. R5d3 Rb4 33. Rh1 Kg7 34. Re1 axb3 35. axb3 Reb8 36. Bd1 Ra8 37. e5 Ra2+ 38. Kh3 dxe5 39.
fxe5 f5 40. g4 f4 41. g5 Kf7 42. e6+ Ke8 43. Rd5 Bf2 44. Ree5 Bg3 45. e7 Rb8 46.
Kg4 Ra7 47. Re6 Rxe7 48. Rxg6 Kf7 49. Rf6+ Kg7 50. Bc2 Re2 51. Rd7+ 1-0

[Event "*** Titled Tuesday Blitz"]
[Site "Chess.com"]
[Date "2020.04.07"]
[Round "7"]
[White "picturesquecheck"]
[Black "Leo_C"]
[Result "1-0"]
[WhiteElo "2156"]
[BlackElo "2304"]
[TimeControl "180+1"]
[EndTime "14:19:35 PDT"]
[Termination "picturesquecheck won by resignation"]

1. e4 c5 2. Nf3 Nc6 3. d4 cxd4 4. Nxd4 Nf6 5. Nc3 e5 6. Ndb5 d6 7. Bg5 a6 8. Na3 b5 9. Nd5 Be7 10. Bxf6 Bxf6 11. c3 Ne7 12. Nc2 Nxd5 13. Qxd5 Rb8 14. Nb4 Bb7 15. Qd3 O-O 16. Be2 Bg5 17. Nd5 Kh8 18.
O-O g6 19. Rfd1 f5 20. f3 Rf7 21. c4 bxc4 22. Qxc4 Qf8 23. exf5 gxf5 24. Rab1 Bxd5 25. Qxd5 Be3+ 26. Kh1 Bd4 27. b4 Rfb7 28. a3 a5 29. b5 Bc5 30. a4 Qg7 31. Bd3 Rg8 32.
Bf1 Rb6 33. Rbc1 Qf6 34. Rc2 Rg6 35. Qa8+ Rg8 36. Qxa5 Rbb8 37. Qd2 Rg6 38. a5 Rh6 39. g3 e4 40. fxe4 fxe4 41. Qf4 Qd8 42. Rxc5 Qxa5 43. Rcd5 Qb6 44. Qxe4 Qf2 45. Qd4+ Qxd4 46. R5xd4 Rh5 47. Rxd6 Kg7 48. Rd7+ 1-0

[Event "*** Titled Tuesday Blitz"]
[Site "Chess.com"]
[Date "2020.04.07"]
[Round "7"]
[White "Evgeny81"]
[Black "iLuusions"]
[Result "1-0"]
[WhiteElo "2769"]
[BlackElo "2592"]
[TimeControl "180+1"]
[EndTime "14:19:36 PDT"]
[Termination "Evgeny81 won on time"]

1. d4 Nf6 2. c4 e6 3. Nf3 d5 4. g3 dxc4 5. Bg2 Nc6 6. Qa4 Bb4+ 7.
Bd2 Nd5 8. O-O Bd7 9. Bxb4 Ncxb4 10. Qd1 b5 11. Nc3 O-O 12. Ne5 Rb8 13. Ne4 Nc6 14. Nf3 Na5 15. Nc5 Nb7 16. Nxb7 Rxb7 17. e4 Nb4 18. Ne5 Nc6 19. Nf3 Rb6 20. Qe2 Nb4 21. Ne5 Qe7 22. Rfd1 Nc6 23. Nf3 Rd8 24. Rd2 Be8 25. Rad1 Nb4 26. a3 Nd3 27. Qe3 Rbd6 28.
Bf1 e5 29. dxe5 Nxe5 30. Nxe5 Rxd2 31. Rxd2 Rxd2 32. Qxd2 Qxe5 33. Bg2 g6 34. Kf1 Kg7 35. f4 Qd6 36. Qc3+ f6 37. Ke2 Bd7 38. e5 fxe5 39.
fxe5 Bg4+ 40. Ke3 Qc5+ 41. Qd4 Qxd4+ 42. Kxd4 a5 43. Kc5 Bd7 44. Bd5 Kf8 45. h4 Ke7 46. Bg8 h6 47. Bd5 g5 48. hxg5 hxg5 49. a4 c6 50. Bg8 bxa4 51. Bxc4 1-0

[Event "*** Titled Tuesday Blitz"]
[Site "Chess.com"]
[Date "2020.04.07"]
[Round "7"]
[White "Girkassa"]
[Black "Sunnika"]
[Result "1-0"]
[WhiteElo "2569"]
[BlackElo "2367"]
[TimeControl "180+1"]
[EndTime "14:19:36 PDT"]
[Termination "Girkassa won by resignation"]

1. d4 Nf6 2. c4 c5 3. d5 e6 4. Nc3 exd5 5. cxd5 d6 6. Nf3 g6 7. h3 Bg7 8. e4 O-O 9. Bd3 b5 10. Nxb5 Re8 11. O-O Nxe4 12. Re1 a6 13. Na3 Nf6 14. Rxe8+ Nxe8 15. Nc4 Nd7 16. Bf4 Nb6 17. Nxb6 Qxb6 18.
Qa4 Bb7 19. Bc4 Nf6 20. Re1 Nxd5 21. Re8+ Bf8 22. Bh6 Qc6 23. Qxc6 Bxc6 24. Rxa8 Bxa8 25. Bxf8 Kxf8 26. Bxa6 Nb4 27. Bc4 Bxf3 28. gxf3 d5 29. Bb3 c4 30. Ba4 Nxa2 31. Kf1 Ke7 32. Ke2 Kd6 33.
Ke3 Nb4 34. Be8 f6 35. Bf7 Nc2+ 36. Kd2 Nd4 37. Ke3 Nf5+ 38. Kf4 Ng7 39. Bg8 h6 40. Bf7 g5+ 41. Ke3 f5 42. Kd4 Ne6+ 43. Ke3 f4+ 44. Kd2 Ke5 45. Kc3 Nd4 46. Kb4 Nxf3 47. Kc5 d4 48. Bxc4 Ng1 49. b4 Nxh3 50. b5 g4 51. b6 g3 52. fxg3 fxg3 53. b7 g2 54. b8=Q+ Ke4 55. Bd5+ Ke3 56. Bxg2 Kf2 1-0

[Event "*** Titled Tuesday Blitz"]
[Site "Chess.com"]
[Date "2020.04.07"]
[Round "7"]
[White "Rud_Makarian"]
[Black "Tjktiger"]
[Result "0-1"]
[WhiteElo "2620"]
[BlackElo "2858"]
[TimeControl "180+1"]
[EndTime "14:19:37 PDT"]
[Termination "Tjktiger won by resignation"]

1. d4 Nf6 2. c4 g6 3. Nc3 d5 4.
Bf4 Bg7 5. e3 Be6 6. c5 O-O 7. Bd3 c6 8. h3 b6 9. b4 Bc8 10. Nf3 a5 11. a3 Na6 12. b5 cxb5 13. c6 b4 14. Nb5 Ne4 15. O-O Nd6 16. Bxd6 exd6 17. Qb3 Be6 18. Rfc1 Qe7 19. Bf1 f5 20. Ne1 f4 21. exf4 Rxf4 22. Nd3 Rxd4 23. Nxd4 Bxd4 24. axb4 Bxa1 25. Rxa1 Qf6 26. Re1 Nc7 27. bxa5 bxa5 28. Qb6 Qd8 29. Nf4 Bf7 30. g3 a4 31. Ra1 a3 32.
Qb3 d4 33. Bc4 d5 34. Bf1 Qd6 35. Qb6 Qe5 36. Nd3 Qd6 37. Nf4 a2 38. h4 d3 39.
Nxd3 Qf6 40. Qb2 Qxb2 41. Nxb2 Kf8 42. Nd3 Ke7 43. Nb4 d4 44. Nc2 Rb8 45. Nxd4 Rb1 46. Nc2 Bc4 47. Kh2 Rxf1 48. Ne1 Rxf2+ 49. Kg1 Rb2 50.
Rc1 Rb1 0-1

[Event "*** Titled Tuesday Blitz"]
[Site "Chess.com"]
[Date "2020.04.07"]
[Round "7"]
[White "FeketeBarika"]
[Black "swayamsm"]
[Result "0-1"]
[WhiteElo "2289"]
[BlackElo "2592"]
[TimeControl "180+1"]
[EndTime "14:19:37 PDT"]
[Termination "swayamsm won by resignation"]

1. Nf3 Nf6 2. g3 g6 3. Bg2 Bg7 4. O-O O-O 5. c4 c5 6. Nc3 Nc6 7. d3 d6 8. a3 Be6 9. Rb1 a5 10. Ne1 Qd7 11. Nc2 Bh3 12. b4 axb4 13. axb4 Bxg2 14.
Kxg2 b6 15. b5 Nd8 16. Bd2 Ne6 17. h4 d5 18. cxd5 Nxd5 19. Nxd5 Qxd5+ 20. Kh2 Ra2 21. Ne3 Qd4 22. Nc4 Rb8 23. Qb3 Ra7 24. Be3 Qd8 25.
Qc2 Rba8 26. Qc1 Ra2 27. Re1 Qc7 28. Bh6 Bf6 29. Qe3 Bxh4 30. Bf4 Nxf4 31. Qxf4 Qxf4 32. gxf4 Bxf2 33. Rf1 Rxe2 34. Kg2 Raa2 35. Kf3 f5 36. Ra1 Rac2 37. Rac1 Ra2 38. Ra1 Rac2 39. Rac1 Bd4 40. Rxc2 Rxc2 41. Nxb6 Rb2 42. Nd5 e6 43. Nc7 Kf7 44.
Re1 Rf2+ 45. Kg3 Rb2 46. Kh3 h6 47. Rxe6 g5 48. fxg5 hxg5 49. b6 Bf2 50. Rc6 g4+ 51.
Kg2 c4 52. dxc4 Bxb6+ 53. Kf1 Bxc7 54. Rxc7+ Ke6 55. Rc6+ Ke5 56. Rc8 Kf4 57. c5 Kf3 58. Ke1 Rc2 59. c6 f4 60. c7 g3 61. Kd1 Rc6 0-1

[Event "*** Titled Tuesday Blitz"]
[Site "Chess.com"]
[Date "2020.04.07"]
[Round "7"]
[White "Jeffinho023"]
[Black "Schachspielerr"]
[Result "1-0"]
[WhiteElo "2465"]
[BlackElo "2685"]
[TimeControl "180+1"]
[EndTime "14:19:37 PDT"]
[Termination "Jeffinho023 won by resignation"]

1. d4 Nf6 2. Nf3 e6 3. g3 b6 4.
Bg2 Bb7 5. O-O Be7 6. c4 O-O 7. Nc3 d5 8. Ne5 Nbd7 9. Bg5 h6 10. Bf4 c5 11. Nxd7 Qxd7 12. dxc5 Bxc5 13. Be5 Ng4 14. Bd4 Bxd4 15. Qxd4 e5 16. Qd1 d4 17. Bxb7 Qxb7 18. Nd5 Rac8 19. b3 Rc6 20. e3 Nf6 21. Nxf6+ Rxf6 22. exd4 exd4 23. Qxd4 Qf3 24. Rfe1 h5 25. Qe3 Qf5 26. h4 g6 27. Rad1 Kh7 28. Rd4 Re6 29. Re4 Rfe8 30. Rxe6 Rxe6 31. Qd2 Rxe1+ 32. Qxe1 Kg7 33. Qd2 Qe4 34. Kh2 a5 35. a3 Qf3 36.
Qb2+ Kg8 37. b4 axb4 38. axb4 Qd3 39. Qc1 Qd4 40. Kg1 Kg7 41. c5 Qxb4 42. c6 Qf8 43.
c7 Qc8 44. Qc6 Kf8 45. Qxb6 Ke7 46. Qc6 f6 47. Kg2 g5 48. hxg5 fxg5 49. Qc5+ Kd7 50. Qxg5 Qb7+ 51. Kg1 Qb1+ 52. Kh2 Kxc7 53. Qxh5 Kd6 54.
Qf3 Ke6 55. Kg2 Ke7 56. g4 Qc1 57. Qe3+ Qxe3 58. fxe3 1-0

[Event "*** Titled Tuesday Blitz"]
[Site "Chess.com"]
[Date "2020.04.07"]
[Round "7"]
[White "ChesterF"]
[Black "BvsN"]
[Result "1-0"]
[WhiteElo "2491"]
[BlackElo "2312"]
[TimeControl "180+1"]
[EndTime "14:19:37 PDT"]
[Termination "ChesterF won on time"]

1. d4 d5 2. c4 c6 3. Nc3 Nf6 4. Nf3 e6 5. Bg5 Be7 6. e3 O-O 7. Qc2 Nbd7 8. O-O-O Nb6 9. cxd5 Nbxd5 10. Kb1 b6 11. Bxf6 Bxf6 12. e4 Nxc3+ 13. Qxc3 c5 14. e5 Be7 15. Bd3 cxd4 16. Nxd4 Bb7 17. Nc6 Bxc6 18. Qxc6 Qc8 19. Qe4 g6 20. Rc1 Qd8 21. h4 Rc8 22. Rxc8 Qxc8 23. h5 Qa8 24. hxg6 Qxe4 25.
gxh7+ Qxh7 26. Bxh7+ Kg7 27. Be4 Rh8 28. Rc1 Bc5 29. Rd1 Bxf2 30. Rd7 a5 31. Kc2 Rc8+ 32. Kd3 Bg3 33. Rb7 Bf2 34. g4 Rd8+ 35. Ke2 Bd4 36. g5 Kf8 37. b3 Rc8 38. g6 fxg6 39. Bxg6 Bxe5 40. Rxb6 Ke7 41. Be4 Rd8 42. Rb5 Bf6 43. Rxa5 Rd7 44. Rb5 Ra7 45. a4 Kd7 46. Bd3 Be7 47.
Bc4 1-0

[Event "*** Titled Tuesday Blitz"]
[Site "Chess.com"]
[Date "2020.04.07"]
[Round "7"]
[White "SavelievAlexei"]
[Black "annamaja"]
[Result "0-1"]
[WhiteElo "2409"]
[BlackElo "2284"]
[TimeControl "180+1"]
[EndTime "14:19:38 PDT"]
[Termination "annamaja won on time"]

1. e4 c6 2. d4 d5 3. exd5 cxd5 4. Bd3 Nc6 5. c3 Qc7 6. Ne2 e6 7. Bf4 Bd6 8. Bxd6 Qxd6 9. O-O Nf6 10. Nd2 O-O 11. Nf3 e5 12. dxe5 Nxe5 13. Nxe5 Qxe5 14. Re1 Bg4 15. Qd2 Bxe2 16. Rxe2 Qh5 17. h3 Rfe8 18.
Rae1 g6 19. Bc2 b6 20. Bb3 Rxe2 21. Rxe2 Rd8 22. Re3 Qf5 23. Qd4 Rd6 24. c4 Qb1+ 25. Kh2 Qf5 26. Re5 Qd7 27. cxd5 a5 28. a3 b5 29. Qd2 Qc7 30. f4 a4 31. Ba2 Nd7 32.
Re8+ Kg7 33. Qd4+ Rf6 34. Re4 Qd6 35. g4 Nc5 36. g5 Nxe4 37. gxf6+ Nxf6 38. Kg3 h6 39.
Kf3 g5 40. b3 gxf4 41. bxa4 bxa4 42. Qxf4 Qxf4+ 43. Kxf4 Nd7 44. Ke4 Kf6 45. Kd4 Ne5 46. Kc5 Ke7 47. Kb5 Kd6 48. Kxa4 f5 0-1

[Event "*** Titled Tuesday Blitz"]
[Site "Chess.com"]
[Date "2020.04.07"]
[Round "7"]
[White "AsaHoffmann"]
[Black "LADIESGET2KNOWME"]
[Result "0-1"]
[WhiteElo "2250"]
[BlackElo "2441"]
[TimeControl "180+1"]
[EndTime "14:19:39 PDT"]
[Termination "LADIESGET2KNOWME won on time"]

1. d4 Nf6 2. Bg5 Ne4 3. Bf4 c5 4. f3 Qa5+ 5. c3 Nf6 6. d5 e6 7. e4 exd5 8. exd5 d6 9. Qd2 Be7 10. c4 Qxd2+ 11. Kxd2 O-O 12. Bd3 Nh5 13. Be3 Bf6 14.
Nc3 Nd7 15. Nge2 Ne5 16. Nb5 Nxd3 17. Kxd3 Bxb2 18. Nxd6 Bxa1 19. Rxa1 Rd8 20. Ne4 b6 21. g4 Nf6 22. Bg5 Ba6 23. N2c3 Nxe4 24. fxe4 f6 25. Bf4 Re8 26. a4 Bc8 27. h3 h5 28. gxh5 Bxh3 29. a5 Bg4 30. h6 g5 31. Bc7 bxa5 32. Rxa5 Rec8 33. Rxc5 Kf7 34. d6 Ke6 35. Nd5 Rh8 36. d7 f5 37. d8=Q Rhxd8 38. Bxd8 Rxd8 39. exf5+ Bxf5+ 40. Kc3 g4 41. Ne3 Rd3+ 42. Kb4 Rxe3 43. Rc6+ Ke5 44. Rc7 Rh3 45. Rxa7 Rxh6 46. c5 Be4 47. Re7+ Kd4 48.
Rg7 Rg6 49. Rd7+ Bd5 50. Kb5 g3 51. c6 Rxc6 52. Rg7 Rc3 53. Rg4+ Be4 54. Kb4 Rc8 55. Rxg3 Rb8+ 56. Ka5 Kc5 57. Rc3+ Kd4 58. Rc1 Bd5 59.
Ka6 Bc4+ 0-1

[Event "*** Titled Tuesday Blitz"]
[Site "Chess.com"]
[Date "2020.04.07"]
[Round "7"]
[White "coalescenet"]
[Black "FLamps8"]
[Result "0-1"]
[WhiteElo "2348"]
[BlackElo "2530"]
[TimeControl "180+1"]
[EndTime "14:19:40 PDT"]
[Termination "FLamps8 won by resignation"]

1. d4 d5 2. c4 Nc6 3. Nf3 Bg4 4. e3 e5 5. cxd5 Qxd5 6. Be2 exd4 7. Nc3 Bb4 8. exd4 Bxf3 9. Bxf3 Qc4 10. Bxc6+ Qxc6 11. O-O O-O-O 12. Qg4+ Kb8 13. d5 Qg6 14. Qxb4 Nf6 15.
Bf4 Qf5 16. Qc4 Rd7 17. Rad1 g5 18. Bg3 h5 19. f4 h4 20. fxg5 Qxg5 21. Bf4 Qg6 22. h3 Rg8 23. Rf2 Qh5 24. d6 c6 25.
Qd4 Ne8 26. Be3 b6 27. Ne4 f5 28. Nf6 Nxf6 29. Rdf1 Qg6 30. Kh1 Ne4 31. Bf4 Nxf2+ 32. Rxf2 Re8 33. Qd2 Kb7 34. a4 Qe6 35. Kh2 Qe1 36. Qc2 Re4 37. a5 Qxa5 38. Bg5 Qe5+ 39. Kg1 Qxd6 40. Rd2 Qe6 41. Rf2 Re1+ 42. Rf1 Rxf1+ 43.
Kxf1 Qd5 44. Be3 Qd3+ 45. Qxd3 Rxd3 46. Ke2 Rb3 47. Bd4 c5 48. Be5 Kc6 49. Kf2 Kd5 50.
Bf6 Ke4 51. Bxh4 Rxb2+ 52. Kg1 f4 53. Bf6 Rc2 54. h4 f3 55. gxf3+ Kxf3 56. h5 Rg2+ 57. Kh1 Rg3 58. Be5 Rh3+ 59. Kg1 Rxh5 60. Bb8 c4 61. Bxa7 0-1

[Event "*** Titled Tuesday Blitz"]
[Site "Chess.com"]
[Date "2020.04.07"]
[Round "7"]
[White "Bambi2006"]
[Black "hedgehog280"]
[Result "0-1"]
[WhiteElo "2500"]
[BlackElo "2648"]
[TimeControl "180+1"]
[EndTime "14:19:41 PDT"]
[Termination "hedgehog280 won by resignation"]

1. d4 g6 2. c4 Bg7 3. e4 Nf6 4. Nc3 d6 5. Nge2 O-O 6. Ng3 e5 7. d5 h5 8. Bg5 Qe8 9. Be2 Nh7 10. Be3 h4 11. Nf1 f5 12. f3 Bf6 13. Qc2 Bg5 14.
g3 Bxe3 15. Nxe3 f4 16. gxf4 exf4 17. Nf1 Nd7 18. Nb5 Qd8 19. O-O-O Ne5 20. c5 Bd7 21.
Nd4 Qe7 22. Qc3 Rfe8 23. Rg1 Ng5 24. Kb1 Kh7 25. cxd6 cxd6 26. Nd2 Rec8 27. Qb4 b6 28. Rc1 Rc5 29. N2b3 Rac8 30. Nxc5 dxc5 31. Qa3 a5 32. Nc2 b5 33. d6 Qd8 34. Rxg5 Qxg5 35. Qxa5 c4 36.
Qe1 Qf6 37. Nb4 g5 38. Rd1 g4 39. Nd5 Qg5 40. fxg4 f3 41. Bf1 Bxg4 42. h3 f2 43. Qd2 Qxd2 44. Rxd2 Bf3 45. Nc7 Bxe4+ 46. Kc1 Kg6 47.
Rxf2 Bd3 48. Nxb5 Ra8 49. Rg2+ Kf5 50. Bxd3+ Nxd3+ 51. Kc2 Ne1+ 52. Kc3 Nxg2 53. Kxc4 Nf4 54. Kc5 Nxh3 55. Nd4+ Kf6 56. a3 Nf4 57. b4 h3 58.
b5 h2 59. b6 h1=Q 60. d7 Qb7 0-1

[Event "*** Titled Tuesday Blitz"]
[Site "Chess.com"]
[Date "2020.04.07"]
[Round "7"]
[White "SmirnovTimofey2000"]
[Black "dusanacns"]
[Result "0-1"]
[WhiteElo "2535"]
[BlackElo "2730"]
[TimeControl "180+1"]
[EndTime "14:19:42 PDT"]
[Termination "dusanacns won on time"]

1. e4 c6 2. d4 d5 3. Nc3 dxe4 4. Nxe4 Nf6 5. Nxf6+ exf6 6. c3 Bd6 7. Bd3 O-O 8.
Ne2 Re8 9. Qc2 h5 10. h3 Nd7 11.
Bd2 Nf8 12. O-O-O Be6 13. Kb1 b5 14. g4 h4 15. Rhg1 Bd5 16. g5 Bh2 17. gxf6 Qxf6 18. Be3 Bxg1 19. Rxg1 Qf3 20. Nf4 Be4 21. Nh5 Bxd3 22.
Rxg7+ Kh8 23. Qxd3 Qxh5 24. Rg5 Qh7 25. Rf5 Re6 26.
Bf4 Nd7 27. Bg5 Rae8 28. Qf3 Re1+ 29. Kc2 R1e2+ 30. Kb3 f6 31. Be3 R2xe3 32. fxe3 Rxe3 33. Qf4 Qf7+ 34. Ka3 Qe7+ 35. Kb3 Re4 36. Rh5+ Kg8 37. Qh6 Qg7 38. Rxh4 Qxh6 39. Rxh6 Kg7 40. Rh5 Nf8 41. Rc5 Re6 42. d5 cxd5 43. Rxd5 Re5 44. Rd6 f5 45. Ra6 Re7 46. Ra5 Rb7 47. Ra6 f4 48.
Kc2 Rd7 0-1

[Event "*** Titled Tuesday Blitz"]
[Site "Chess.com"]
[Date "2020.04.07"]
[Round "7"]
[White "Qvalda"]
[Black "saraswathii"]
[Result "0-1"]
[WhiteElo "2373"]
[BlackElo "2247"]
[TimeControl "180+1"]
[EndTime "14:19:42 PDT"]
[Termination "saraswathii won on time"]

1. e4 c5 2. Be2 e6 3. d3 Nc6 4.
f4 d5 5. Nf3 Nf6 6. e5 Nd7 7.
c3 g6 8. d4 Bg7 9. O-O O-O 10.
Be3 cxd4 11. cxd4 f6 12. Nc3 b6 13. Rc1 a6 14. Nxd5 Bb7 15. Nc3 Qe7 16. d5 exd5 17. Nxd5 Qd8 18. e6 Ndb8 19. Nxb6 Ra7 20. Qxd8 Rxd8 21.
Rfd1 Re8 22. Nd4 f5 23. Nxc6 Nxc6 24. Bf3 Nb4 25. Nd7 Bxf3 26. gxf3 Raa8 27. Nc5 Nxa2 28. Rc4 a5 29. Ra1 Nb4 30. Kf2 Nd5 31. Bd4 Rec8 32.
Bxg7 Kxg7 33. Rd1 Nxf4 34. Rxf4 Rxc5 35. Rd7+ Kf6 36. Rxh7 Kxe6 37. Rd4 Rc2+ 38. Kg3 Rxb2 39. Rg7 Kf6 40. Rdd7 Rb3 41. Rgf7+ Ke5 42. Rfe7+ Kf6 43. Rf7+ Ke6 44. Ra7 Rxa7 45. Rxa7 Ra3 46. h4 a4 47. Kf4 Kf6 48. Ra6+ Kf7 49. Kg5 Rxf3 50. Ra7+ Ke6 51. Kxg6 Rg3+ 52. Kh6 a3 53. h5 f4 54. Kh7 Re3 55.
Ra6+ Kf5 56. h6 f3 57. Ra5+ Kf6 58. Ra6+ Kg5 59. Ra5+ Kg4 60. Ra4+ Kg3 61. Kg6 f2 62. h7 Re6+ 0-1

[Event "*** Titled Tuesday Blitz"]
[Site "Chess.com"]
[Date "2020.04.07"]
[Round "7"]
[White "Dinamo81"]
[Black "adiosabu"]
[Result "1-0"]
[WhiteElo "2653"]
[BlackElo "2498"]
[TimeControl "180+1"]
[EndTime "14:19:43 PDT"]
[Termination "Dinamo81 won on time"]

1. d4 Nf6 2. Bf4 d6 3. Nc3 Bf5 4. f3 d5 5. g4 Bg6 6. h4 h6 7. e3 e6 8. Bd3 Bxd3 9. Qxd3 Nc6 10. Nge2 Bd6 11. O-O-O Qd7 12. Nb5 Bxf4 13. Nxf4 Nb4 14.
Qe2 Nxa2+ 15. Kb1 Nb4 16. g5 Ng8 17. e4 a6 18. Nc3 Ne7 19. Nh5 O-O-O 20. Nxg7 hxg5 21.
hxg5 Rxh1 22. Rxh1 dxe4 23. Qxe4 Qxd4 24. Qxd4 Rxd4 25. Ne4 Rd8 26. c3 Nd3 27. Rh7 Ng6 28.
Nh5 Rh8 29. Rxh8+ Nxh8 30. Nd2 Ng6 31. Kc2 Nde5 32. f4 Nc6 33. Kd3 Nce7 34. c4 Kd7 35. Ke4 Kc6 36. Nb3 b5 37. Nd4+ Kc5 38. cxb5 axb5 39.
Nf6 Kc4 40. b3+ Kb4 41. Nd7 c5 42. Nf3 Nf5 43. Nd2 Nd6+ 44. Kd3 c4+ 45. bxc4 1-0

[Event "*** Titled Tuesday Blitz"]
[Site "Chess.com"]
[Date "2020.04.07"]
[Round "7"]
[White "Schandenfreude"]
[Black "alexwinter25"]
[Result "1-0"]
[WhiteElo "2517"]
[BlackElo "2341"]
[TimeControl "180+1"]
[EndTime "14:19:44 PDT"]
[Termination "Schandenfreude won by resignation"]

1. Nf3 d5 2. g3 Nf6 3. Bg2 e6 4. O-O Bd6 5. d4 Nbd7 6. c4 c6 7. Qc2 O-O 8. Nc3 b6 9. Nd2 Bb7 10. e4 dxe4 11. Ndxe4 Nxe4 12. Nxe4 Be7 13. Rd1 c5 14.
dxc5 bxc5 15. Ng5 Bxg5 16. Bxb7 Bxc1 17. Bxa8 Qxa8 18. Rxd7 Bh6 19. Rad1 g6 20. Qd3 Qb8 21. b3 Bg5 22. h4 Bf6 23. Qf3 Bd4 24. h5 Qe5 25. h6 Qg5 26. Qf4 Qh5 27. Re1 g5 28. Qe4 Qxh6 29. Kg2 Qf6 30. Qf3 Qg6 31. Rh1 e5 32.
Qh5 Qe4+ 33. Qf3 Qg6 34. g4 h6 35. Qf5 Qxf5 36. gxf5 Kg7 37. Kf3 Kf6 38. Rxh6+ Kxf5 39. Rh7 g4+ 40. Kg2 f6 41. Rhf7 Rh8 42. Rd6 Rh6 43. Rxa7 Rh3 44. Raa6 Rh6 45. a3 e4 46. Rd5+ Kf4 47.
Rad6 f5 48. Rxd4 cxd4 49. Rxd4 Rh3 50. b4 Rxa3 51. c5 Rb3 52. Rc4 g3 53. fxg3+ Kg4 54. c6 Rb2+ 55. Kf1 Kf3 56. Ke1 Rb1+ 57. Kd2 Rg1 58.
c7 Rg2+ 59. Kc3 Rxg3 60. c8=Q Kf4+ 61. Kb2 Rd3 62. Rc3 Ke3 63. Rxd3+ exd3 64. Qxf5 d2 65.
Qd5 d1=Q 66. Qxd1 Ke4 67. Qc2+ Ke5 68. b5 1-0

[Event "*** Titled Tuesday Blitz"]
[Site "Chess.com"]
[Date "2020.04.07"]
[Round "7"]
[White "dennisodessa"]
[Black "SCIM"]
[Result "1/2-1/2"]
[WhiteElo "2311"]
[BlackElo "2476"]
[TimeControl "180+1"]
[EndTime "14:19:46 PDT"]
[Termination "Game drawn by repetition"]

1. d4 Nf6 2. c4 g6 3. Nc3 d5 4.
Bg5 Bg7 5. Bxf6 Bxf6 6. cxd5 c6 7. e3 cxd5 8. Bd3 O-O 9. h3 Nc6 10. Nf3 Bg7 11. O-O e6 12. Rc1 Bd7 13. Na4 b6 14.
b3 e5 15. dxe5 Nxe5 16. Be2 Bxa4 17. bxa4 Qd6 18. Qd2 Rad8 19. Rfd1 Rfe8 20. a5 bxa5 21. Qxa5 Qb6 22. Rxd5 Rxd5 23. Qxd5 Rd8 24. Qb3 Nxf3+ 25. Bxf3 Qa5 26. g3 Be5 27. Rd1 Rxd1+ 28. Bxd1 Kg7 29. Kg2 Qc7 30. h4 h5 31. Bf3 a5 32. a4 Bf6 33.
Bd5 Be5 34. Qc4 Qxc4 35. Bxc4 Bc3 36. f3 f6 37. g4 Bd2 38. e4 Bf4 39. Kh3 Be5 40.
Bb5 Bf4 41. Bd7 Be5 42. Be8 Kh6 43. Bf7 Bf4 44. Be8 Be5 45. Kg2 Bf4 46. Kf2 Be5 47.
Kg2 Bf4 48. gxh5 gxh5 49. Kh3 Be5 50. Kg2 Bf4 51. Kf2 Bd6 52. Kg2 Bc7 53. Kh3 Bf4 54.
Kg2 Bd2 55. Kh3 Bf4 56. Kg2 Be5 57. Kh3 Bf4 1/2-1/2

[Event "*** Titled Tuesday Blitz"]
[Site "Chess.com"]
[Date "2020.04.07"]
[Round "7"]
[White "Kimster98"]
[Black "Vugar_Manafov"]
[Result "1-0"]
[WhiteElo "2510"]
[BlackElo "2661"]
[TimeControl "180+1"]
[EndTime "14:19:47 PDT"]
[Termination "Kimster98 won on time"]

1. d4 Nf6 2. Bf4 e6 3. e3 Bd6 4.
Bxd6 cxd6 5. Nf3 O-O 6. Bd3 b6 7. O-O Ba6 8. c4 d5 9. cxd5 Bxd3 10. Qxd3 Nxd5 11. Nc3 Nf6 12. Rac1 d5 13. Ne5 Nfd7 14.
Nb5 Nxe5 15. dxe5 Na6 16. f4 Nc5 17. Qd4 Qd7 18. Nd6 Nb7 19. Nxb7 Qxb7 20. f5 exf5 21. Rxf5 Rac8 22. Rcf1 Rc4 23. Qd3 Qd7 24. R5f4 Rxf4 25. exf4 Qc6 26. Rd1 Rd8 27. Qd4 g6 28. h3 Qc2 29.
Kh2 h5 30. Re1 Qf5 31. Re2 Qe6 32. g3 Rc8 33. Rd2 Rc5 34. b4 Rc4 35. Qxd5 Qxd5 36. Rxd5 Rxb4 37. Rd2 Kf8 38. h4 Ke7 39. Kg2 a5 40.
Kf2 a4 41. Ke3 Ke6 42. Rd6+ Ke7 43. a3 Rb3+ 44. Rd3 Rb1 45. Rd4 1-0

[Event "*** Titled Tuesday Blitz"]
[Site "Chess.com"]
[Date "2020.04.07"]
[Round "7"]
[White "Taabling"]
[Black "kayrakamer"]
[Result "1-0"]
[WhiteElo "2319"]
[BlackElo "2470"]
[TimeControl "180+1"]
[EndTime "14:19:48 PDT"]
[Termination "Taabling won by checkmate"]

1. e4 c5 2. Nf3 d6 3. c3 Nf6 4. h3 g6 5. Bd3 Bg7 6. O-O O-O 7. Re1 Nc6 8. Bc2 Rb8 9. d4 Nd7 10. d5 Na5 11. Nbd2 b5 12. Rb1 c4 13. Nf1 b4 14.
cxb4 Rxb4 15. Bd2 Rxb2 16. Rxb2 Bxb2 17. Bh6 Re8 18. Ne3 Ne5 19. Nd4 Qb6 20. Ne2 Ba6 21. Qd2 Rb8 22. Rb1 Qc5 23. Nc3 Nd3 24. Bxd3 cxd3 25.
Na4 Qa3 26. Rxb2 Rxb2 27. Qxb2 Qxb2 28. Nxb2 f6 29. h4 Kf7 30. Bf4 e5 31. dxe6+ Kxe6 32. f3 Bb5 33. Kf2 Nc6 34. Nd5 Nd4 35. Nc3 Ba6 36. Be3 Nc2 37. Bxa7 f5 38. Be3 fxe4 39. fxe4 Bb7 40. Nxd3 Ba8 41. Nd5 Bxd5 42. Nf4+ Ke5 43. exd5 Nb4 44. a4 Na6 45. a5 Ke4 46. g3 Nb4 47.
Bb6 Na6 48. Ke2 h6 49. Kd2 g5 50. hxg5 hxg5 51. Ne6 Kxd5 52. Nxg5 Ke5 53. Nf3+ Kf5 54. Ne1 Kg4 55. Nd3 Kxg3 56. Kc3 d5 57. Nb4 Kf3 58.
Nxa6 Ke4 59. Nc7 d4+ 60. Bxd4 Kf5 61. a6 Kg6 62. a7 Kf7 63. a8=Q Ke7 64. Qc6 Kd8 65. Be5 Kc8 66. Nb5+ Kd8 67. Bf6# 1-0

[Event "*** Titled Tuesday Blitz"]
[Site "Chess.com"]
[Date "2020.04.07"]
[Round "7"]
[White "maciek_92"]
[Black "riconaipe"]
[Result "1/2-1/2"]
[WhiteElo "2718"]
[BlackElo "2544"]
[TimeControl "180+1"]
[EndTime "14:19:50 PDT"]
[Termination "Game drawn by agreement"]

1. c4 g6 2. Nc3 Bg7 3. g3 f5 4. Bg2 Nf6 5. d4 O-O 6. Nf3 e6 7. d5 Qe7 8. O-O e5 9. c5 d6 10.
cxd6 cxd6 11. Nd2 e4 12. Nc4 Bd7 13. Qb3 Na6 14. Qa3 Nc5 15. Bf4 Ne8 16. Nxd6 g5 17.
Nxe8 Raxe8 18. d6 Qf6 19. Qxc5 gxf4 20. gxf4 Rc8 21. Qxa7 Bc6 22. Rad1 Rcd8 23. Qc5 Qg6 24. Kh1 Rf6 25. Nd5 Bxd5 26. Qxd5+ Kh8 27. d7 Bf8 28. Rg1 Qh6 29. Bxe4 Bd6 30. Rg8+ Rxg8 31. Qxg8+ Kxg8 32. d8=Q+ Bf8 33. Bd5+ Kh8 34. Rg1 Rg6 35. Rxg6 hxg6 36.
e3 Kh7 37. Qd7+ Bg7 38. Qxb7 Qh4 39. Bg2 Qxf2 40. Qf3 Qe1+ 41. Bf1 Qd2 42. b3 Qxa2 43. b4 Qb2 44. b5 Bh6 45. Qe2 Qb1 46. Kg2 Bg7 47. Kg3 Bf6 48. Bg2 Kh6 49. Qd2 g5 50. Bc6 gxf4+ 51. exf4 Qg1+ 52. Kf3 Qg4+ 53. Ke3 Qh3+ 54.
Ke2 Qxh2+ 55. Kd3 Qxd2+ 56. Kxd2 Bd8 57. Ke3 Kg6 58. Bd7 Kf6 59. Kd4 Bc7 60. Ke3 Kg6 61.
Bc6 Kf6 62. Bf3 Kg6 63. Be2 Kf6 64. Bh5 Ke6 65. Kd4 Bxf4 66. Kc5 1/2-1/2